 Dungeon Crawl Stone Soup version 0.30.0-2-g1aa4bd4387 (webtiles) character file.

Game seed: 15385303206008741300

100 Jarnaxa the Trooper (level 4, 0/36 HPs)
             Began as a Demonspawn Fighter on May 7, 2023.
             Slain by an orc wizard
             ... wielding a +0 dagger
              (2 damage)
             ... on level 3 of the Dungeon.
             The game lasted 00:03:05 (2368 turns).

Jarnaxa the Trooper (Demonspawn Fighter)            Turns: 2368, Time: 00:03:07

Health: 0/36       AC:  6    Str: 19    XL:     4   Next: 47%
Magic:  4/4        EV:  9    Int:  9    God:
Gold:   120        SH:  4    Dex: 12    Spells: 3/3 levels left

rFire   . . .        a - +0 long sword
rCold   . . .        c - +0 buckler
rNeg    . . .        b - +0 scale mail
rPois   .            (helmet restricted)
rElec   .            (no cloak)
rCorr   .            (no gloves)
SInv    .            (no boots)
Will    .....        (no amulet) Stlth
                     (no ring)
HPRegen 0.26/turn    (no ring)
MPRegen 0.18/turn

%: no passive effects
@: no status effects
A: antennae 1, magic regeneration
a: no special abilities


You were on level 3 of the Dungeon.
You visited 1 branch of the dungeon, and saw 3 of its levels.

You collected 120 gold pieces.

Inventory:

Hand Weapons
 a - a +0 long sword (weapon)
Armour
 b - a +0 scale mail (worn)
 c - a +0 buckler (worn)
Jewellery
 o - an amulet of magic regeneration
 q - a ring of positive energy
Wands
 p - a wand of polymorph (13)
Scrolls
 f - a scroll of fog {unknown}
 g - a scroll of amnesia {unknown}
 h - a scroll of teleportation {unknown}
 k - 2 scrolls of noise {unknown}
 m - a scroll of magic mapping {unknown}
 n - a scroll of identify {unknown}
Potions
 d - a potion of might
 e - 2 potions of degeneration {unknown}
 i - 2 potions of invisibility {unknown}
 j - a potion of attraction {unknown}
 l - a potion of brilliance {unknown}


   Skills:
 + Level 3.6 Fighting
 + Level 2.9 Long Blades
 + Level 3.3 Armour
 + Level 0.3 Dodging
 + Level 3.0 Shields


You had 3 spell levels left.
You didn't know any spells.
Your spell library contained the following spells:

 Spells                   Type           Power      Damage    Failure   Level
 Magic Dart               Conj           0%         1d3       83%         1
 Sting                    Tmut/Pois      0%         1d3       83%         1
 Poisonous Vapours        Pois/Air       0%         N/A       92%         2
 Searing Ray              Conj           0%         2d4       92%         2
 Fulminant Prism          Conj/Hex       0%         3d5       100%        4
 Olgreb's Toxic Radiance  Pois           0%         N/A       100%        4


Dungeon Overview and Level Annotations

Branches:
Dungeon (3/15)

Altars:


Innate Abilities, Weirdness & Mutations

You have a pair of small antennae on your head.
You regenerate magic rapidly.


Message History

You hear some strange, mumbled words.
A puff of flame appears from out of thin air!
The puff of flame hits you.
The jackal bites you but does no damage.
Something hits you but does no damage.
You miss something.
The jackal bites you but does no damage.
You hear some strange, mumbled words.
You are confused.
The jackal bites you but does no damage.
You completely miss something. The jackal barely misses you.
Something hits you.
You bump into the rock wall.
The jackal bites you. Something hits you but does no damage.
The jackal bites you but does no damage.
You bump into the rock wall.
The jackal bites you. Something hits you but does no damage.
You slash the jackal!
You kill the jackal!
Something hits you.
You hit something but do no damage.
You hear some strange, mumbled words.
A magic dart appears from out of thin air!
The magic dart hits you.
* * * LOW HITPOINT WARNING * * *
You hear some strange, mumbled words.
A puff of flame appears from out of thin air!
The puff of flame hits you.
* * * LOW HITPOINT WARNING * * *
You completely miss something.
You feel less confused. Something hits you but does no damage.
You miss something.
You hear some strange, mumbled words.
A puff of flame appears from out of thin air!
The puff of flame misses you.
You miss something.
An orc wizard comes into view. It is wielding a +0 dagger.
You closely miss the orc. Something hits you.
You die...

#....####
........+....#.#.#.#.o
#....####............#
#.#.## #..[#.#.#.#.#
....# #..........#
....# #.#.#.#.#.#
....# #.........#
....# #.#.#{#.#.#
....# #..†.@o...#
.############.#.###.##
....##..........#
.##.##.####.....#
.##.##.# #.....##
.##.##.###.##..#
...........##.....
###.##.#######.####
###.##.#######.#


You could see an orc wizard and an orc.

Vanquished Creatures
  Jessica (D:3)
  2 adders
  A dart slug (D:1)
  An orc (D:3)
  7 ball pythons
  4 endoplasms
  2 giant cockroaches
  5 goblins
  3 hobgoblins
  5 jackals
  2 quokkas (D:1)
  4 bats
  3 frilled lizards
  5 kobolds
  6 rats
51 creatures vanquished.

Vanquished Creatures (others)
  2 fungi (D:3)
  7 plants (D:1)
9 creatures vanquished.

Grand Total: 60 creatures vanquished

Notes
Turn   | Place    | Note
-------+----------+-------------------------------------------
     0 | D:1      | Jarnaxa the Demonspawn Fighter began the quest for the Orb.
     0 | D:1      | Reached XP level 1. HP: 18/18 MP: 1/1
   123 | D:1      | Gained mutation: You regenerate magic rapidly. [demonic
                  | ancestry]
   123 | D:1      | Reached XP level 2. HP: 19/24 MP: 2/2
   659 | D:1      | Reached XP level 3. HP: 29/29 MP: 3/3
  2114 | D:3      | Gained mutation: You have a pair of small antennae on your
                  | head. [demonic ancestry]
  2114 | D:3      | Reached XP level 4. HP: 35/35 MP: 4/4
  2133 | D:3      | Found a faded altar of an unknown god.
  2192 | D:3      | Noticed Jessica
  2201 | D:3      | Killed Jessica
  2364 | D:3      | HP: 1/36 [something/puff of flame (5)]
  2368 | D:3      | Slain by an orc wizard

Illustrated notes

Levels and vault maps discovered:
D:1:      roderic_crop_circles_arrival_small, layout_loops_cross,
          minmay_split_cup_large
D:2:      layout_basic
D:3:      layout_loops_corners, serial_glass, glass_columns_a, glass_columns_a,
          glass_columns_a, glass_columns_c, glass_columns_b, glass_columns_a,
          glass_columns_a, glass_columns_a,
          shapermc_ecumenical_altar_mp_ritualfount, uniq_jessica

Skill      XL: |  1  2  3 |
---------------+----------+-----
Armour         | 3 |  3.3
Long Blades    | 2 |  2.9
Shields        | 3 |  3.0
Fighting       | |  3.6
Dodging        | |  0.3

Action                     |  1- 3 |  4- 6 || total
---------------------------+-------+-------++-------
  Melee: Long sword        |   159 |    37 ||   196
 Armour: Scale mail        |    71 |    43 ||   114
  Dodge: Dodged            |    61 |    26 ||    87
  Block: Buckler           |    30 |    16 ||    46
